[Event "Titled Tuesday Blitz December 13 Early 2022"]
[White "Clawitter, Craig"]
[Black "Osinovsky, Stepan"]
[WhiteFideId "2023105"]
[BlackFideId "4157354"]
[WhiteElo "2193"]
[BlackElo "2222"]
[Result "0-1"]
[Round "07"]
[TimeControl "180+1"]
[Date "2022.12.14"]
[WhiteClock "0:00:02"]
[BlackClock "0:00:10"]

1. e4 e5 2. Nf3 Nc6 3. Bb5 a6 4. Ba4 Nf6 5. O-O Be7 6. d3 b5 7. Bb3 O-O 8. Nc3 Re8 9. a4 b4 10. Nd5 h6 11. a5 Bf8 12. Bd2 Bb7 13. Qe1 Nd4 14. Nxd4 exd4 15. Nxf6+ Qxf6 16. Bxb4 c5 17. Bd2 d5 18. f3 c4 19. Ba4 Re6 20. Qg3 Bd6 21. Qh3 Qg6 22. Bd7 Re7 23. Bf5 Qf6 24. Rae1 Rae8 25. Re2 Re5 26. f4 Rxf5 27. Rfe1 Rxf4 28. Bxf4 Bxf4 29. exd5 Be3+ 30. Kh1 Bxd5 31. dxc4 Bxc4 32. Rxe3 dxe3 33. b3 e2 34. Qf3 Qxf3 35. gxf3 Bd5 36. Kg2 f5 37. Kf2 Kf7 38. Rxe2 Rxe2+ 39. Kxe2 Ke6 40. c4 Bc6 41. Ke3 g5 42. f4 g4 43. b4 h5 44. b5 axb5 45. a6 b4 46. a7 h4 47. a8=Q Bxa8 0-1


[Site "https://www.chess.com"]

[Event "Titled Tuesday Blitz December 13 Early 2022"]
[White "Colas, Joshua"]
[Black "Aradhya, Garg"]
[WhiteFideId "2044447"]
[BlackFideId "25006746"]
[WhiteElo "2347"]
[BlackElo "2278"]
[Result "1/2-1/2"]
[Round "07"]
[TimeControl "180+1"]
[Date "2022.12.14"]
[WhiteClock "0:00:18"]
[BlackClock "0:00:55"]

1. Nf3 Nf6 2. c4 c6 3. g3 g6 4. b3 Bg7 5. Bb2 O-O 6. Bg2 d5 7. O-O a5 8. cxd5 cxd5 9. Nc3 Nc6 10. Nb5 Ne4 11. Bxg7 Kxg7 12. d3 Nd6 13. Nxd6 Qxd6 14. Qd2 e5 15. Rfc1 f6 16. a4 Be6 17. Ne1 Rfc8 18. Nc2 d4 19. Rcb1 Rab8 20. Na3 Qb4 21. Qxb4 Nxb4 22. Nc4 Bxc4 23. bxc4 f5 24. f4 e4 25. dxe4 fxe4 26. Bxe4 Rxc4 27. Rc1 Rc3 28. Rd1 Rc4 29. Rac1 Rc3 30. Ra1 Rc4 31. Rac1 Rc3 32. Ra1 1/2-1/2


[Site "https://www.chess.com"]

[Event "Titled Tuesday Blitz December 13 Early 2022"]
[White "Crevatin, Leo"]
[Black "Sovetbekova, Nurai"]
[WhiteFideId "1726307"]
[BlackFideId "13801910"]
[WhiteElo "2190"]
[BlackElo "1925"]
[Result "1-0"]
[Round "07"]
[TimeControl "180+1"]
[Date "2022.12.14"]
[WhiteClock "0:00:10"]
[BlackClock "0:00:10"]

1. d4 Nf6 2. Bf4 g6 3. e3 Bg7 4. Nf3 O-O 5. Be2 d6 6. h3 c5 7. O-O Qb6 8. Nbd2 Be6 9. Nc4 Bxc4 10. Bxc4 cxd4 11. exd4 Nc6 12. Rb1 Rac8 13. Bb3 Rfd8 14. c3 e5 15. Be3 exd4 16. Nxd4 Nxd4 17. Bxd4 Qc7 18. Qf3 Ne8 19. Rbd1 Bxd4 20. Rxd4 Ng7 21. Rfd1 Nf5 22. Rd5 Ne7 23. R5d2 Nc6 24. Qf6 Na5 25. Rxd6 Rxd6 26. Qxd6 Nxb3 27. Qxc7 Rxc7 28. axb3 Kg7 29. Rd6 Kf8 30. g4 Ke7 31. Rd4 Rc5 32. Kf1 Rb5 33. b4 Re5 34. Rd2 Kf6 35. Rd7 Rb5 36. Rd2 Ke6 37. Ke2 Re5+ 38. Kd3 Rd5+ 39. Kc2 Re5 40. Kb3 Re1 41. c4 Rh1 42. Rd3 Rh2 43. Rf3 f5 44. gxf5+ gxf5 45. Kc3 Ke5 46. Kd3 Rh1 47. b5 Rd1+ 48. Kc2 Rf1 49. Kd2 Ke4 50. Re3+ Kd4 51. Ke2 Rb1 52. b3 f4 53. Rd3+ Ke4 54. f3+ Ke5 55. Kd2 Rh1 56. Rd5+ Ke6 57. Rh5 Rb1 58. Kc2 Rf1 59. Rxh7 Rxf3 60. Rxb7 Rxh3 61. Rxa7 f3 62. Kd2 Kf5 63. Ke3 Kg4 64. Rg7+ Kf5 65. Rf7+ Kg4 66. Rf4+ Kg3 67. Rxf3+ Kg4 68. Rxh3 1-0


[Site "https://www.chess.com"]

[Event "Titled Tuesday Blitz December 13 Early 2022"]
[White "De Souza, Cristiano Gomes"]
[Black "Gjestemoen-VonHirsch, Andre"]
[WhiteFideId "2151758"]
[BlackFideId "1539531"]
[WhiteElo "2068"]
[BlackElo "2198"]
[Result "0-1"]
[Round "07"]
[TimeControl "180+1"]
[Date "2022.12.14"]
[WhiteClock "0:00:01"]
[BlackClock "0:00:16"]

1. d4 g6 2. c4 Bg7 3. Nf3 c5 4. d5 b5 5. cxb5 a6 6. bxa6 Nf6 7. g3 O-O 8. Bg2 d6 9. Nc3 Nxa6 10. O-O Nc7 11. Rb1 Bf5 12. Ra1 Qb8 13. Nh4 Bc8 14. Rb1 Bb7 15. b3 Ra6 16. e4 Nd7 17. Na4 Bxd5 18. Nxc5 Nxc5 19. exd5 Rxa2 20. b4 N7a6 21. Bd2 Nd3 22. b5 Nac5 23. Be3 Rc8 24. Nf3 Nb2 25. Qe2 Nca4 26. Nd4 Nc3 27. Qf3 Nxb5 28. Nc6 Qb7 29. Rfc1 Nc3 30. Rxb2 Rxb2 31. Bf1 Rb1 32. Rxb1 Nxb1 33. Qe4 Nc3 34. Qc4 Nxd5 35. Qxd5 Qxc6 36. Qa2 e6 37. Qa7 d5 38. Bg5 d4 0-1


[Site "https://www.chess.com"]

[Event "Titled Tuesday Blitz December 13 Early 2022"]
[White "Deac, Bogdan-Daniel"]
[Black "Daneshvar, Bardiya"]
[WhiteFideId "1226380"]
[BlackFideId "12576468"]
[WhiteElo "2649"]
[BlackElo "2429"]
[Result "1-0"]
[Round "07"]
[TimeControl "180+1"]
[Date "2022.12.13"]
[WhiteClock "0:00:03"]
[BlackClock "0:00:06"]

1. c4 c6 2. Nf3 d5 3. e3 Nf6 4. Nc3 e6 5. b3 Nbd7 6. Bb2 Bd6 7. d4 O-O 8. Bd3 e5 9. cxd5 cxd5 10. dxe5 Nxe5 11. Be2 Be6 12. O-O Rc8 13. Nb5 Nxf3+ 14. Bxf3 Bb8 15. Nd4 Qd6 16. g3 Ne4 17. Bg2 a6 18. Qh5 Nf6 19. Qh4 Bd7 20. Rfd1 Rfe8 21. Rac1 Rxc1 22. Rxc1 h6 23. Ne2 Ne4 24. Nc3 Qe6 25. Nxe4 dxe4 26. Qh5 Bc6 27. Bf1 Qd5 28. Qg4 Be5 29. Rd1 Qe6 30. Qxe6 Rxe6 31. Rd8+ Kh7 32. Bxe5 Rxe5 33. Bc4 Kg6 34. Rd6+ f6 35. h4 a5 36. Kg2 h5 37. a4 Kh6 38. Kf1 Kh7 39. Ke1 Rf5 40. Be6 Re5 41. Kd2 g5 42. Bc4 gxh4 43. gxh4 Rf5 44. Ke1 Kg6 45. Be2 Rc5 46. Kd2 Rd5+ 47. Rxd5 Bxd5 48. Kc3 b6 49. b4 Bc6 50. bxa5 bxa5 51. Bd1 Kf5 52. Kd4 Be8 53. Kc5 Ke5 54. Kb6 Kd6 55. Kxa5 Kc5 56. Ka6 Kb4 57. a5 Kc3 58. Kb6 Kd2 59. a6 Bf7 60. Ba4 1-0


[Site "https://www.chess.com"]

[Event "Titled Tuesday Blitz December 13 Early 2022"]
[White "Derjabin, Ilja"]
[Black "Akylbekov, Nasyr"]
[WhiteFideId "14104768"]
[BlackFideId "13800353"]
[WhiteElo "2309"]
[BlackElo "2310"]
[Result "1-0"]
[Round "07"]
[TimeControl "180+1"]
[Date "2022.12.14"]
[WhiteClock "0:01:57"]
[BlackClock "0:01:57"]

1. d4 Nf6 2. c4 e6 3. Nc3 Bb4 4. a3 Bxc3+ 5. bxc3 c5 6. f3 Qa5 7. Bd2 O-O 8. e4 d6 9. Bd3 Nc6 10. Ne2 Qb6 11. Rb1 Qc7 12. O-O b6 13. f4 e5 14. fxe5 dxe5 15. d5 Ne7 16. Rxf6 gxf6 17. Ng3 Qd7 18. Nh5 Qd6 19. Qf3 Kh8 20. Nxf6 Ng8 21. Bg5 Kg7 22. Rf1 Bd7 23. Qg3 Kh8 24. Qh4 1-0


[Site "https://www.chess.com"]

[Event "Titled Tuesday Blitz December 13 Early 2022"]
[White "Diaz Rosas, Julio Cesar"]
[Black "Albertini, Luca"]
[WhiteFideId "5105099"]
[BlackFideId "847038"]
[WhiteElo "2246"]
[BlackElo "2207"]
[Result "0-1"]
[Round "07"]
[TimeControl "180+1"]
[Date "2022.12.14"]
[WhiteClock "0:00:10"]
[BlackClock "0:00:42"]

1. d4 d5 2. c4 e6 3. Nf3 Nf6 4. Qc2 Bb4+ 5. Bd2 a5 6. g3 O-O 7. Bg2 c6 8. O-O b6 9. Bf4 Bd6 10. Bxd6 Qxd6 11. Rd1 Ba6 12. b3 Nbd7 13. Nc3 dxc4 14. e4 cxb3 15. axb3 Qe7 16. e5 Nd5 17. Ne4 Rac8 18. h4 c5 19. Nd6 Rc6 20. Ng5 g6 21. Re1 Nb4 22. Qd2 Rc7 23. Nge4 cxd4 24. Qxd4 Nc2 25. Qb2 Nxa1 26. Qxa1 Bd3 27. Ng5 Rc5 28. Qd4 Bc2 29. Qf4 Nxe5 30. Rxe5 Qxd6 31. Nxh7 Qxe5 32. Nf6+ Kg7 0-1


[Site "https://www.chess.com"]

[Event "Titled Tuesday Blitz December 13 Early 2022"]
[White "Domingo Nunez, Ruben"]
[Black "Walentukiewicz, Michal"]
[WhiteFideId "22245570"]
[BlackFideId "1126903"]
[WhiteElo "2406"]
[BlackElo "2028"]
[Result "1-0"]
[Round "07"]
[TimeControl "180+1"]
[Date "2022.12.14"]
[WhiteClock "0:02:14"]
[BlackClock "0:01:16"]

1. b3 Nf6 2. Bb2 e6 3. Nf3 c5 4. e3 Nc6 5. c4 d5 6. cxd5 Nxd5 7. Bb5 Bd7 8. O-O a6 9. Be2 Qc7 10. Na3 O-O-O 11. Rc1 Rg8 12. d4 cxd4 13. Nxd4 Kb8 14. Nc4 Be7 15. Nxc6+ Qxc6 16. Be5+ Ka8 17. Bd4 Kb8 18. Ne5 Qd6 19. Nxf7 1-0


[Site "https://www.chess.com"]

[Event "Titled Tuesday Blitz December 13 Early 2022"]
[White "Donchenko, Alexander"]
[Black "Fedoseev, Vladimir"]
[WhiteFideId "24603295"]
[BlackFideId "24130737"]
[WhiteElo "2581"]
[BlackElo "2733"]
[Result "0-1"]
[Round "07"]
[TimeControl "180+1"]
[Date "2022.12.13"]
[WhiteClock "0:01:02"]
[BlackClock "0:01:05"]

1. Nf3 Nf6 2. g3 b5 3. Bg2 Bb7 4. Na3 b4 5. Nc4 a5 6. d3 e6 7. O-O Be7 8. e4 d5 9. exd5 Nxd5 10. Re1 O-O 11. Nfe5 Nd7 12. a3 Nxe5 13. Nxe5 c5 14. a4 Qc7 15. Qe2 Rae8 16. h4 f6 17. Nc4 Bd8 18. h5 Qd7 19. Qg4 Bc7 20. Bd2 f5 21. Qe2 e5 22. h6 g6 23. Bg5 Bc6 24. Qd2 f4 25. Qd1 Qf5 26. Bh4 f3 27. Bf1 g5 28. g4 Qxg4+ 29. Bg3 e4 30. dxe4 Bxg3 31. exd5 Bxf2+ 0-1


[Site "https://www.chess.com"]

[Event "Titled Tuesday Blitz December 13 Early 2022"]
[White "Estrada Nieto, Julian"]
[Black "Buscar, Michael"]
[WhiteFideId "5101018"]
[BlackFideId "2603616"]
[WhiteElo "2195"]
[BlackElo "2010"]
[Result "1/2-1/2"]
[Round "07"]
[TimeControl "180+1"]
[Date "2022.12.14"]
[WhiteClock "0:00:15"]
[BlackClock "0:00:17"]

1. e4 c6 2. d4 d6 3. Nd2 e5 4. Ngf3 Qc7 5. c3 Bg4 6. h3 Bh5 7. Bd3 Nf6 8. O-O Nbd7 9. Re1 Be7 10. g4 Bg6 11. Nh4 O-O 12. Nxg6 hxg6 13. Nf3 Rfe8 14. Bg5 Nf8 15. Bc4 d5 16. Bxf6 Bxf6 17. exd5 exd4 18. cxd4 cxd5 19. Bxd5 Rxe1+ 20. Qxe1 Rd8 21. Qe4 Qb6 22. g5 Be7 23. Ne5 Bxg5 24. Nxf7 Rxd5 25. Qxd5 Bf6 26. Ne5+ Kh7 27. Qe4 Qxb2 28. Rb1 Qxa2 29. Rxb7 Qd2 30. Rf7 Qg5+ 31. Kh2 Ne6 32. Nf3 Qh5 33. d5 Nc5 34. Qg4 Qxd5 35. Rxa7 Qd6+ 36. Qg3 Qb6 37. Rf7 Ne6 38. h4 Qc6 39. Ng5+ Bxg5 40. hxg5 Kg8 41. Rf3 Nd4 42. Rd3 Nf5 43. Rd8+ Kh7 44. Qh3+ Nh6 45. gxh6 Qc7+ 46. Qg3 Qxd8 47. hxg7 Kxg7 48. f3 Qd2+ 49. Kh3 Qh6+ 50. Qh4 Qxh4+ 51. Kxh4 Kf6 52. Kg4 g5 53. f4 gxf4 54. Kxf4 1/2-1/2


[Site "https://www.chess.com"]

[Event "Titled Tuesday Blitz December 13 Early 2022"]
[White "Fabris, Alberto"]
[Black "Sonnenschein, Philipp"]
[WhiteFideId "801348"]
[BlackFideId "16250877"]
[WhiteElo "2171"]
[BlackElo "2224"]
[Result "1-0"]
[Round "07"]
[TimeControl "180+1"]
[Date "2022.12.14"]
[WhiteClock "0:00:20"]
[BlackClock "0:00:02"]

1. e4 c5 2. Nf3 Nc6 3. Bb5 g6 4. O-O Bg7 5. Re1 e5 6. d3 Nge7 7. Nc3 O-O 8. a3 Nd4 9. Bc4 d6 10. h3 h6 11. Nd5 Be6 12. c3 Nxf3+ 13. Qxf3 Kh7 14. Be3 f5 15. Nxe7 Qxe7 16. Bxe6 fxe4 17. Qxe4 Qxe6 18. c4 Rf7 19. b4 cxb4 20. axb4 a6 21. Rac1 h5 22. d4 Re8 23. dxe5 Bxe5 24. Qd5 Rc7 25. Qxe6 Rxe6 26. Kf1 Bg7 27. Red1 Re4 28. Rxd6 Rexc4 29. Rxc4 Rxc4 30. Rb6 Rc7 31. Ke2 Bf8 32. Kd3 Kg8 33. Rxg6+ Kf7 34. Rb6 Bg7 35. Bc5 Bf6 36. g4 hxg4 37. hxg4 Bg5 38. Ke4 Bd2 39. f4 Kg7 40. g5 Rd7 41. Rd6 Rxd6 42. Bxd6 b6 43. Kf5 a5 44. bxa5 bxa5 45. Be5+ Kf8 46. g6 a4 47. Ke6 a3 48. f5 a2 49. f6 Bf4 50. Ba1 1-0


[Site "https://www.chess.com"]

[Event "Titled Tuesday Blitz December 13 Early 2022"]
[White "Fromm, Marius"]
[Black "Avazkhonov, Alikhon"]
[WhiteFideId "12993190"]
[BlackFideId "14208504"]
[WhiteElo "2325"]
[BlackElo "1739"]
[Result "1-0"]
[Round "07"]
[TimeControl "180+1"]
[Date "2022.12.14"]
[WhiteClock "0:00:17"]
[BlackClock "0:00:03"]

1. Nf3 d5 2. c4 c6 3. g3 Nf6 4. Bg2 Bg4 5. Ne5 Bf5 6. cxd5 cxd5 7. Qa4+ Nbd7 8. Nc3 e6 9. g4 Bg6 10. h4 a6 11. Nxd7 Qxd7 12. Qxd7+ Kxd7 13. h5 Bc2 14. g5 Ne4 15. d3 Nxc3 16. bxc3 Ba4 17. Rb1 Bc6 18. Be3 Bd6 19. Kd2 b5 20. f4 f5 21. Rh4 h6 22. g6 Be7 23. Rhh1 Bf6 24. Bc5 Rhc8 25. Rhc1 Bb7 26. d4 Be7 27. Bxe7 Kxe7 28. a4 Bc6 29. axb5 Bxb5 30. e3 Rc7 31. Bf1 Bxf1 32. Rxf1 Rac8 33. Rb3 a5 34. Ra1 Ra7 35. Ra4 Rc4 36. Rba3 Rxa4 37. Rxa4 Kd6 38. Kd3 Kc6 39. c4 Kb6 40. Kc3 dxc4 41. Kxc4 Rc7+ 42. Kd3 Kb5 43. Ra1 a4 44. Rb1+ Ka5 45. Rb8 a3 46. Ra8+ Kb4 47. d5 exd5 48. Kd4 Re7 49. Rb8+ Ka4 50. Ra8+ Kb3 51. Rb8+ Ka2 52. Kd3 Re4 53. Rb5 Rc4 54. Rxd5 Rc1 55. Rxf5 Rg1 56. Rf7 Kb2 57. Rxg7 a2 58. Ra7 a1=Q 59. Rxa1 Kxa1 60. f5 Kb2 61. f6 1-0


[Site "https://www.chess.com"]

[Event "Titled Tuesday Blitz December 13 Early 2022"]
[White "Gabdrakhmanov, Azat"]
[Black "Abdrlauf, Elham"]
[WhiteFideId "34189197"]
[BlackFideId "1533533"]
[WhiteElo "2254"]
[BlackElo "2454"]
[Result "0-1"]
[Round "07"]
[TimeControl "180+1"]
[Date "2022.12.14"]
[WhiteClock "0:00:04"]
[BlackClock "0:00:07"]

1. e4 c6 2. d4 d5 3. e5 c5 4. dxc5 e6 5. Nf3 Bxc5 6. Bd3 Ne7 7. c3 Nbc6 8. Bf4 h6 9. h4 O-O 10. Qe2 Bd7 11. Nbd2 Rc8 12. Nb3 Bb6 13. Bg3 a5 14. O-O a4 15. Nbd2 a3 16. bxa3 Nf5 17. Bxf5 exf5 18. Nb3 Be6 19. Rfd1 Qe7 20. Rab1 Qxa3 21. Nbd4 Nxd4 22. cxd4 Rc6 23. Rb3 Qa7 24. Rdb1 Rfc8 25. Bf4 Bd8 26. Rxb7 Qa4 27. R7b4 Qa3 28. R4b3 Qa8 29. R3b2 Be7 30. Kh2 Ba3 31. Rb6 Rc2 32. Qe3 Bf8 33. R1b2 Qa4 34. Qb3 Rxb2 35. Qxb2 Ra8 36. Rb8 Rxb8 37. Qxb8 Qxa2 38. Bd2 Qa3 39. h5 Qe7 40. Ba5 Kh7 41. Bc7 Qb4 42. Qxb4 Bxb4 43. Kg3 g5 44. hxg6+ fxg6 45. Bb6 g5 46. Bc5 f4+ 47. Kh2 Bc3 48. g3 g4 49. Nh4 f3 50. Kg1 h5 51. Kf1 Bd7 52. Kg1 Kg7 53. Bb6 Kf7 54. Bc5 Be6 55. Kf1 Bc8 56. Kg1 Kg7 57. Kf1 Ba6+ 58. Kg1 Bd3 59. e6 Kf6 60. e7 Kf7 61. Kh2 Bd2 62. Kg1 Be1 63. Bd6 Bd2 64. Bc5 Bg5 65. Kh2 Bxe7 66. Bb6 Ke6 67. Kg1 Kd7 68. Kh2 Kc6 69. Ba7 Kb5 70. Kg1 Kc4 0-1


[Site "https://www.chess.com"]

[Event "Titled Tuesday Blitz December 13 Early 2022"]
[White "Gareyev, Timur"]
[Black "Hamley, Ryan"]
[WhiteFideId "14200937"]
[BlackFideId "30959497"]
[WhiteElo "2553"]
[BlackElo "2622"]
[Result "1-0"]
[Round "07"]
[TimeControl "180+1"]
[Date "2022.12.14"]
[WhiteClock "0:00:11"]
[BlackClock "0:00:13"]

1. d4 Nf6 2. c4 e6 3. g4 d5 4. Bg2 c6 5. g5 Ne4 6. h4 Bb4+ 7. Kf1 O-O 8. a3 Bd6 9. Nc3 Nxc3 10. bxc3 dxc4 11. a4 Nd7 12. f4 Qc7 13. e3 Nb6 14. Qf3 Nd5 15. e4 Nxf4 16. e5 Bxe5 17. dxe5 Nxg2 18. Kxg2 Qxe5 19. Bf4 Qf5 20. Re1 b6 21. Bd6 Rd8 22. Qxf5 exf5 23. Bc7 Rd2+ 24. Re2 Rxe2+ 25. Nxe2 Be6 26. Nf4 Rc8 27. Rd1 Kf8 28. Nxe6+ fxe6 29. Rd7 b5 30. Bd6+ Kg8 31. Be5 bxa4 32. Rxg7+ Kf8 33. Rxa7 Rd8 34. h5 Rd2+ 35. Kf3 Rd3+ 36. Kf4 Rd1 37. g6 hxg6 38. h6 a3 39. h7 1-0


[Site "https://www.chess.com"]

[Event "Titled Tuesday Blitz December 13 Early 2022"]
[White "Goltseva, Ekaterina"]
[Black "Kirillov, Dmitry"]
[WhiteFideId "24173770"]
[BlackFideId "34180572"]
[WhiteElo "2200"]
[BlackElo "2111"]
[Result "1-0"]
[Round "07"]
[TimeControl "180+1"]
[Date "2022.12.14"]
[WhiteClock "0:00:07"]
[BlackClock "0:00:43"]

1. d4 d5 2. c4 e6 3. Nf3 c6 4. g3 dxc4 5. Bg2 b5 6. O-O Bb7 7. Ne5 Nd7 8. Nc3 a6 9. a4 Qc8 10. Ne4 Ngf6 11. Nxf7 Kxf7 12. Ng5+ Kg8 13. Bh3 Bd6 14. Bxe6+ Kf8 15. b3 Ke7 16. Bh3 c5 17. bxc4 bxc4 18. e4 cxd4 19. Qxd4 Qc5 20. Qd2 h6 21. Ne6 Qe5 22. f3 Qxa1 23. Bb2 Qxa4 24. Nxg7 Bc5+ 25. Kh1 Rad8 26. Nf5+ Kf7 27. Nxh6+ Kg6 28. Bf5+ Kg7 29. Qg5+ Kf8 30. Bxf6 Nxf6 31. Qxf6+ Ke8 32. Qf7# 1-0


[Site "https://www.chess.com"]

[Event "Titled Tuesday Blitz December 13 Early 2022"]
[White "Grunberg, Mihai-Lucian"]
[Black "Tarlabasi, Emirhan"]
[WhiteFideId "1204149"]
[BlackFideId "6350275"]
[WhiteElo "2363"]
[BlackElo "2200"]
[Result "1-0"]
[Round "07"]
[TimeControl "180+1"]
[Date "2022.12.14"]
[WhiteClock "0:00:09"]
[BlackClock "0:00:22"]

1. Nf3 c5 2. c4 Nf6 3. d4 cxd4 4. Nxd4 g6 5. Nc3 Bg7 6. g3 O-O 7. Bg2 Nc6 8. O-O a6 9. Re1 Qc7 10. Nc2 d6 11. b3 Bf5 12. Ne3 Be6 13. Bb2 Rac8 14. Rc1 Rfd8 15. Ned5 Bxd5 16. cxd5 Ne5 17. f4 Ned7 18. e4 h5 19. h3 Qb6+ 20. Kh2 Nc5 21. Qe2 h4 22. g4 e5 23. dxe6 Nxe6 24. Rf1 d5 25. exd5 Nd4 26. Qf2 Nd7 27. Na4 Qa7 28. Rxc8 Rxc8 29. Rd1 Nb5 30. Qxa7 Nxa7 31. Bxg7 Kxg7 32. d6 Rc2 33. Kg1 b5 34. Re1 bxa4 35. Re7 axb3 36. axb3 Nb5 37. Rxd7 Rd2 38. Rd8 Rxd6 39. Rxd6 Nxd6 40. b4 Kf6 41. Kf2 g5 42. Ke3 gxf4+ 43. Kxf4 Ke6 44. Bf1 f6 45. Bxa6 Kd5 46. Be2 Kd4 47. b5 Kc5 48. g5 fxg5+ 49. Kxg5 Kb6 50. Kxh4 Nxb5 51. Bxb5 Kxb5 52. Kg5 Kc6 53. Kf6 Kd7 54. Kf7 Kd6 55. h4 Ke5 56. h5 Kf5 57. h6 1-0


[Site "https://www.chess.com"]

[Event "Titled Tuesday Blitz December 13 Early 2022"]
[White "Guliev, Logman"]
[Black "Turzo, Attila"]
[WhiteFideId "13400061"]
[BlackFideId "704954"]
[WhiteElo "2161"]
[BlackElo "2571"]
[Result "1/2-1/2"]
[Round "07"]
[TimeControl "180+1"]
[Date "2022.12.14"]
[WhiteClock "0:00:03"]
[BlackClock "0:00:14"]

1. e4 e5 2. Nf3 Nc6 3. Bb5 a6 4. Ba4 Nf6 5. O-O Be7 6. Re1 b5 7. Bb3 O-O 8. c3 d5 9. exd5 Nxd5 10. Nxe5 Nxe5 11. Rxe5 c6 12. d4 Bd6 13. Re1 Qh4 14. g3 Qh3 15. Be3 Bg4 16. Qd3 Ra7 17. Nd2 Re7 18. Qf1 Qh5 19. Bd1 Rfe8 20. Bxg4 Qxg4 21. Qg2 f5 22. Qf3 Qxf3 23. Nxf3 Nxe3 24. fxe3 Rxe3 25. Rxe3 Rxe3 26. Kf2 Re7 27. a4 b4 28. Re1 bxc3 29. bxc3 Rxe1 30. Nxe1 Kf7 31. Nd3 Ke6 32. c4 a5 33. Kf3 g5 34. Nc1 h5 35. Nb3 Bb4 36. h3 Kf6 37. Ke3 Be1 38. Kf3 g4+ 39. hxg4 hxg4+ 40. Ke3 Bxg3 41. Nxa5 f4+ 42. Kd3 f3 43. Nxc6 Bf2 44. Ne5 Kf5 45. a5 Kf4 46. a6 g3 47. a7 g2 48. Nxf3 Kxf3 49. a8=Q+ Kg3 50. Qf8 g1=Q 51. Qg7+ Kf4 52. Qf6+ Kg4 53. Qg6+ Kf3 54. Qe4+ Kg3 55. Qg6+ Kf4 56. Qxg1 Bxg1 57. c5 Kf5 58. Kc4 Ke6 59. d5+ Kd7 60. Kb5 Kc7 61. d6+ Kd7 62. Kb6 Bf2 1/2-1/2


[Site "https://www.chess.com"]

[Event "Titled Tuesday Blitz December 13 Early 2022"]
[White "Haddouche, Mohamed"]
[Black "Salinas Herrera, Pablo"]
[WhiteFideId "7900660"]
[BlackFideId "3407128"]
[WhiteElo "2443"]
[BlackElo "2557"]
[Result "0-1"]
[Round "07"]
[TimeControl "180+1"]
[Date "2022.12.14"]
[WhiteClock "0:00:01"]
[BlackClock "0:00:16"]

1. e4 c5 2. Nf3 e6 3. Nc3 a6 4. g3 d6 5. Bg2 Nc6 6. O-O Be7 7. d4 cxd4 8. Nxd4 Bd7 9. a4 Nf6 10. Nb3 Na5 11. Nxa5 Qxa5 12. Bd2 Qc7 13. a5 O-O 14. Na4 Bc6 15. Nb6 Rad8 16. Qe2 d5 17. Bf4 e5 18. exd5 exf4 19. dxc6 fxg3 20. hxg3 bxc6 21. Qc4 Qe5 22. Rae1 Qxa5 23. Qxc6 Bc5 24. Nc4 Qb4 25. b3 h5 26. Re5 Bd4 27. Rg5 g6 28. Qxa6 Kg7 29. Qb7 Qc3 30. Be4 Rd7 31. Qc6 Re8 32. Bd3 Re6 33. Qf3 Rde7 34. Kg2 Ng4 35. Rxg4 hxg4 36. Qxg4 Re1 37. Rxe1 Rxe1 38. Nd6 Be5 39. Ne4 Qa1 40. Qf3 Rg1+ 41. Kh2 Re1 42. Ng5 Bf6 43. Ne4 Be7 44. Bc4 f5 45. Nc3 Qa7 46. Nd5 Qd4 0-1


[Site "https://www.chess.com"]

[Event "Titled Tuesday Blitz December 13 Early 2022"]
[White "Harsh Suresh"]
[Black "Demin, Vladimir"]
[WhiteFideId "45018464"]
[BlackFideId "4167457"]
[WhiteElo "2227"]
[BlackElo "2597"]
[Result "0-1"]
[Round "07"]
[TimeControl "180+1"]
[Date "2022.12.14"]
[WhiteClock "0:00:20"]
[BlackClock "0:00:32"]

1. Nf3 d5 2. c4 e6 3. b3 Nf6 4. Bb2 c5 5. e3 Nc6 6. cxd5 Nxd5 7. Nc3 a6 8. Be2 h6 9. O-O Bd7 10. Nxd5 exd5 11. d4 cxd4 12. Nxd4 Nxd4 13. Qxd4 Bc6 14. Rfd1 Qg5 15. Bf3 Rd8 16. h4 Qe7 17. Rac1 Rg8 18. h5 g6 19. hxg6 Rxg6 20. Qf4 Qd6 21. Be5 Qe6 22. Bh5 Rg5 23. Bc7 Rxh5 24. Bxd8 Kxd8 25. e4 Bd6 26. Qf3 Rg5 27. Rc2 dxe4 28. Qe3 Kc7 29. Rcd2 Be7 30. a4 Qg6 31. Qf4+ Kc8 32. g3 h5 33. Qe3 h4 34. Qb6 Qf6 35. Rc2 hxg3 36. fxg3 Rxg3+ 37. Rg2 Rxg2+ 38. Kxg2 Qf3+ 39. Kg1 Qxd1+ 40. Kh2 Qh5+ 41. Kg3 Bd6+ 42. Kf2 e3+ 43. Ke1 Qh1+ 44. Ke2 Qf3+ 45. Kd3 e2+ 46. Kd2 Bf4+ 47. Kc2 e1=Q 48. Qd4 Qed1+ 49. Qxd1 Qxd1+ 50. Kxd1 Bd6 51. Kd2 Bxa4 52. Kd3 Bxb3 53. Kd4 Be6 54. Ke4 Kc7 55. Kf3 b6 56. Ke3 a5 57. Ke4 a4 58. Kd4 a3 59. Kc3 a2 60. Kb2 a1=Q+ 61. Kxa1 Be5+ 62. Kb1 f5 63. Kc1 Kd6 64. Kd2 Bd5 65. Ke3 f4+ 66. Kd3 f3 67. Ke3 b5 68. Kd3 b4 69. Ke3 b3 70. Kd3 b2 71. Kc2 b1=Q+ 72. Kxb1 Bd4 73. Kc2 f2 74. Kd3 Kc5 75. Ke2 Bc4+ 76. Kd2 f1=Q 77. Kc2 Qe2+ 78. Kb1 Bd3+ 79. Kc1 Qc2# 0-1


[Site "https://www.chess.com"]

[Event "Titled Tuesday Blitz December 13 Early 2022"]
[White "Hoang, Canh Huan"]
[Black "Ezat, Mohamed"]
[WhiteFideId "12400599"]
[BlackFideId "10600906"]
[WhiteElo "2283"]
[BlackElo "2388"]
[Result "0-1"]
[Round "07"]
[TimeControl "180+1"]
[Date "2022.12.14"]
[WhiteClock "0:00:26"]
[BlackClock "0:01:29"]

1. Nf3 Nf6 2. g3 g6 3. Bg2 Bg7 4. O-O O-O 5. d3 d6 6. Nbd2 Nc6 7. Re1 e5 8. c3 Re8 9. e4 d5 10. exd5 Nxd5 11. Ne4 h6 12. h4 f5 13. Nc5 b6 14. Na4 Ba6 15. h5 g5 16. Nxg5 hxg5 17. Qb3 Ne7 18. Bxg5 c6 19. h6 Bh8 20. c4 Nf6 21. c5+ Ned5 22. cxb6 axb6 23. Bxf6 Bxf6 24. Nc3 Bb7 25. d4 e4 26. g4 Kh8 27. gxf5 Nf4 28. Rxe4 Nxg2 0-1


[Site "https://www.chess.com"]

[Event "Titled Tuesday Blitz December 13 Early 2022"]
[White "Hoffmann, Asa"]
[Black "Lopez Idarraga, Daniel Eduardo"]
[WhiteFideId "2001470"]
[BlackFideId "4405501"]
[WhiteElo "2117"]
[BlackElo "2064"]
[Result "0-1"]
[Round "07"]
[TimeControl "180+1"]
[Date "2022.12.14"]
[WhiteClock "0:00:11"]
[BlackClock "0:00:17"]

1. d4 d5 2. Bg5 h6 3. Bh4 c5 4. e3 Qb6 5. Nc3 e6 6. Rb1 a6 7. Nf3 Nc6 8. Be2 Bd7 9. O-O Be7 10. Bg3 Nf6 11. h3 O-O 12. Ne5 cxd4 13. Nxc6 bxc6 14. exd4 c5 15. dxc5 Bxc5 16. Be5 Rfc8 17. Bxf6 gxf6 18. Bd3 Bf8 19. Qg4+ Bg7 20. Ne2 f5 21. Qg3 Bb5 22. Nf4 Qd6 23. Qh4 Bxd3 24. cxd3 Rab8 25. b3 Rb4 26. g3 e5 27. Rbc1 Rxc1 28. Rxc1 exf4 29. Qh5 fxg3 30. Rc8+ Kh7 31. Qxf5+ Qg6 32. Qxg6+ fxg6 33. fxg3 Rd4 34. Rc6 Rxd3 35. Rxa6 Rxg3+ 36. Kh2 Be5 37. Re6 Bf4 38. Rf6 g5 39. Rf5 Rxb3+ 40. Kg2 Rb2+ 41. Kf3 Rxa2 42. Rxd5 Kg6 43. Rb5 Kh5 44. Rb6 Ra3+ 45. Kg2 Rg3+ 46. Kf2 Be3+ 47. Kxg3 Bxb6 48. h4 Bf2+ 49. Kxf2 Kxh4 0-1


[Site "https://www.chess.com"]

[Event "Titled Tuesday Blitz December 13 Early 2022"]
[White "Hrabinska, Myroslava"]
[Black "Rosenberg, Evan S"]
[WhiteFideId "14109190"]
[BlackFideId "2019299"]
[WhiteElo "2171"]
[BlackElo "2414"]
[Result "0-1"]
[Round "07"]
[TimeControl "180+1"]
[Date "2022.12.14"]
[WhiteClock "0:00:02"]
[BlackClock "0:00:04"]

1. e4 e5 2. Nf3 Nc6 3. d4 exd4 4. c3 dxc3 5. Nxc3 Bc5 6. Bc4 d6 7. O-O Nf6 8. Bg5 Be6 9. Nd5 Bxd5 10. exd5 Ne5 11. Nxe5 dxe5 12. Bb5+ Kf8 13. Re1 Bd4 14. Qb3 Bxf2+ 15. Kxf2 Ng4+ 16. Kg1 Qxg5 17. Bc4 b6 18. h3 Nf6 19. d6 cxd6 20. Bxf7 Rd8 21. Rf1 d5 22. Bxd5 h5 23. Rad1 Ke7 24. Qa3+ Rd6 25. Qxa7+ Rd7 26. Qxb6 Nxd5 27. Qc5+ Ke6 28. Rfe1 Rhd8 29. b4 Rd6 30. b5 R8d7 31. a4 Rc7 32. Qf2 Rf7 33. Qc5 Rfd7 34. a5 Qd8 35. b6 Qa8 36. Qb5 Qc6 37. Qe2 Qc5+ 38. Kh1 Nf4 0-1


[Site "https://www.chess.com"]